 Dungeon Crawl Stone Soup version 0.25.1-2-g60ff931df9 (webtiles) character file.

Game seed: 6184568755855488138

140 demenzo the Chucker (level 5, -1/55 HPs)
             Began as an Ogre Hunter on Oct 21, 2020.
             Slain by a gnoll
             ... wielding a +0 spear
              (11 damage)
             ... on level 3 of the Dungeon.
             The game lasted 00:03:58 (3010 turns).

demenzo the Chucker (Ogre Hunter)                   Turns: 3010, Time: 00:03:58

Health: -1/55      AC:  3    Str: 17    XL:     5   Next: 23%
Magic:  5/5        EV: 10    Int: 12    God:
Gold:   140        SH:  0    Dex:  9    Spells: 4/4 levels left

rFire    . . .     SeeInvis .   a - +4 whip
rCold    . . .     Gourm    .   (no shield)
rNeg     . . .     Faith    .   b - +0 robe
rPois    .         Spirit   .   (helmet restricted)
rElec    .         Reflect  .   (no cloak)
rCorr    .         Harm     .   (gloves unavailable)
MR       .....                  (boots unavailable)
Stlth    +.........             (no amulet)
HPRegen  0.18/turn              (no ring)
MPRegen  0.09/turn              (no ring)

@: no status effects
A: large, unfitting armour, tough skin 1
a: no special abilities


You were on level 3 of the Dungeon.
You were near starving.

You visited 1 branch of the dungeon, and saw 3 of its levels.

You collected 140 gold pieces.

Inventory:

Hand Weapons
 a - a +4 whip (weapon)
 i - a +0 short sword
 j - a +0 whip
 s - a +2 vampiric dagger
 t - a +1 flail of protection
Missiles
 c - 4 large rocks (quivered)
 d - 2 throwing nets
 m - 39 stones
 u - 3 datura-tipped darts
Armour
 b - a +0 robe (worn)
Scrolls
 g - 2 scrolls of remove curse {unknown}
 h - a scroll of teleportation {unknown}
 n - 2 scrolls of amnesia {unknown}
 o - 2 scrolls of magic mapping {unknown}
 p - a scroll of immolation {unknown}
 r - a scroll of identify {unknown}
Potions
 e - 2 potions of curing {unknown}
 k - 2 potions of heal wounds {unknown}
 l - a potion of berserk rage {unknown}
 q - 2 potions of haste {unknown}
 v - a potion of degeneration {unknown}
 w - a potion of brilliance {unknown}
Comestibles
 f - 5 rations


   Skills:
 + Level 4.5 Fighting
 * Level 5.7 Throwing
 - Level 1.7 Dodging
 - Level 0.6 Stealth


You had 4 spell levels left.
You didn't know any spells.
Your spell library was empty.

Dungeon Overview and Level Annotations

Branches:
Dungeon (3/15)

Altars:
Dithmenos


Innate Abilities, Weirdness & Mutations

You are too large for most types of armour.
You have tough skin. (AC +1)


Message History

The gnoll refuses to make way for you. (Use ctrl+direction or * direction to attack.)
The gnoll refuses to make way for you. (Use ctrl+direction or * direction to attack.)
The gnoll refuses to make way for you. (Use ctrl+direction or * direction to attack.)
The gnoll refuses to make way for you. (Use ctrl+direction or * direction to attack.) Unknown command.
The gnoll hits you but does no damage. The gnoll hits you with a +0 spear!
* * * LOW HITPOINT WARNING * * *
Quiver which item? (- for none, * to show all) (? for menu, Esc to quit)
Quivering
c - 5 large rocks for throwing.
Throwing (i - inventory. (/) - cycle)
c - 5 large rocks (quivered)
Press: ? - help, Shift-Dir - straight line, f - you, p - gnoll Really target yourself?
Okay, then.
Throwing (i - inventory. (/) - cycle)
c - 5 large rocks (quivered)
Press: ? - help, Shift-Dir - straight line, f - gnoll
Aim: a gnoll, wielding a +0 spear (severely wounded, fast, strong, frenzied and insane)
You throw a large rock.
The large rock closely misses the gnoll.
The gnoll hits you with a +0 spear!
You die...

#.# . #.# # . .. #.# #.# .##
#.# # #.# .. #.#
#.#####.###.# ###.#
#...........#### ########.#.#
####...........#
........#..######..###......#
########.#.)....@g.()..(.>..#
#.########..##......... #.#
#..###......#. #.########..#
#.#.#.... #...........#
#.#(..... ##########.##
#........ #.# ### ##.## #..
.# ####


You could see a neutral gnoll (fast, strong, insane).

Vanquished Creatures
  5 gnolls
  3 adders (D:2)
  2 worms (D:2)
  A leopard gecko (D:2)
  4 giant cockroaches
  2 goblins
  8 hobgoblins
  A quokka (D:2)
  8 bats
  2 frilled lizards
  9 kobolds
  9 rats
54 creatures vanquished.

Vanquished Creatures (collateral kills)
  A gnoll (D:3)
1 creature vanquished.

Grand Total: 55 creatures vanquished

Notes
Turn   | Place    | Note
-------+----------+-------------------------------------------
     0 | D:1      | demenzo the Ogre Hunter began the quest for the Orb.
     0 | D:1      | Reached XP level 1. HP: 22/22 MP: 1/1
     3 | D:1      | Noticed an electric eel
     3 | D:1      | Noticed an electric eel
   228 | D:1      | Reached XP level 2. HP: 28/31 MP: 2/2
   827 | D:1      | Reached XP level 3. HP: 32/37 MP: 3/3
  1071 | D:2      | Found a shadowy altar of Dithmenos.
  1419 | D:2      | Reached skill level 5 in Throwing
  1419 | D:2      | Reached XP level 4. HP: 27/48 MP: 4/4
  2206 | D:2      | Reached XP level 5. HP: 38/54 MP: 5/5
  3010 | D:3      | Slain by a gnoll

Illustrated notes

Levels and vault maps discovered:
D:1:      arrival_aquarium_b, layout_loops_ring, grunt_decor_one_mirror
D:2:      layout_basic, kennysheep_nondescript, nicolae_dithmenos_shadow_blocks
D:3:      layout_loops_ring, uniq_sigmund

Skill      XL: |  1  2  3  4 |
---------------+-------------+-----
Fighting       | 3 4 |  4.5
Throwing       | 5 |  5.7
Dodging        | |  1.7
Stealth        | |  0.6

Action                   |  1- 3 |  4- 6 || total
-------------------------+-------+-------++-------
Melee: Short sword       |    13 |       ||    13
       Dagger            |    96 |    65 ||   161
       Whip              |       |    13 ||    13
Throw: Large rock        |     3 |     3 ||     6
       Stone             |     2 |     2 ||     4
       Dart              |       |     2 ||     2
 Stab: Sleeping          |     1 |       ||     1
  Eat: Chunk             |     2 |     3 ||     5
Armor: Robe              |    41 |    24 ||    65
Dodge: Dodged            |    49 |    53 ||   102
